AoeStats
← Khirs

Arabia

507512328Analyzed
4v4 RM · 13d ago on Sep 18, 2026· 42m 48s· 8 players
Game mode
Random Map
Map size
Large (8 player)
Population
200
Speed
Normal
Resources
Standard
Victory
Conquest
Starting age
Dark Age
Ending age
Imperial Age
RankedLock teamsTeams togetherTeam positionsShared explorationLock speedFull tech treeHidden civsTurbo modeCheats
Victory
Defeat
🇨🇴 Khmer · Colombia
842
+14
🇨🇳 Khitans · China
812
+15
🇧🇷 Malay · Brazil
786
+16
🇻🇳 Vietnamese · Vietnam
747
+17
🇬🇧 Huns · United Kingdom
824
-17
🇩🇪 Maya · Germany
821
-17
🇪🇸 Inca · Spain
779
-15
🇬🇧 Chinese · United Kingdom
725
-13
Khirs
0:43 Loom
12:56 Feudal Age
14:41 Double-Bit Axe
14:39 Horse Collar
22:27 Castle Age
20:51 Stone Mining
20:57 Gold Mining
21:30 Fletching
23:03 Forging
24:35 Stone Shaft Mining
24:12 Bow Saw
26:29 Pikeman
27:30 Bodkin Arrow
guitarluis2003
1:03 Loom
11:46 Feudal Age
12:27 Double-Bit Axe
13:20 Wheelbarrow
12:29 Horse Collar
13:00 Gold Mining
20:17 Stone Mining
22:09 Forging
22:00 Scale Mail Armor
25:42 Castle Age
24:31 Fletching
24:41 Padded Archer Armor
25:45 Pikeman
26:27 Squires
27:25 Gold Shaft Mining
26:58 Heavy Plow
28:00 Bow Saw
27:41 Elite Skirmisher
31:20 Hand Cart
31:50 Thumb Ring
32:30 Bodkin Arrow
33:12 Iron Casting
32:53 Leather Archer Armor
32:53 Chain Mail Armor
36:04 Chain Mail Armor
TheBunjiMunji
3:51 Loom
12:01 Feudal Age
19:28 Castle Age
17:54 Double-Bit Axe
18:21 Horse Collar
21:36 Bow Saw
22:09 Heavy Plow
25:11 Wheelbarrow
28:10 Marauders
28:22 Husbandry
28:33 Bloodlines
30:20 Scale Barding Armor
31:56 Forging
34:43 Iron Casting
34:33 Hand Cart
35:57 Caravan
39:07 Imperial Age
38:36 Chain Barding Armor
40:53 Blast Furnace
Nino
0:33 Loom
12:26 Feudal Age
14:23 Double-Bit Axe
19:10 Castle Age
22:08 Fervor
24:53 Wheelbarrow
24:45 Eagle Warrior
25:38 Thumb Ring
26:45 Squires
26:31 Arson
27:26 Scale Mail Armor
27:38 Forging
28:02 Gold Mining
28:15 Stone Mining
29:16 Horse Collar
31:58 Hand Cart
32:16 Bow Saw
32:12 Heavy Plow
32:40 Chain Mail Armor
33:01 Iron Casting
36:28 Imperial Age
38:00 Elite Eagle Warrior
40:11 Chemistry
39:11 Murder Holes
39:26 Fortified Wall
39:27 Masonry
41:29 Plate Mail Armor
Caduzera
1:28 Loom
9:00 Loom
11:55 Feudal Age
11:29 Double-Bit Axe
12:01 Horse Collar
16:07 Gold Mining
20:10 Castle Age
18:42 Stone Mining
20:50 Arson
25:30 Forging
29:38 Iron Casting
32:21 Imperial Age
35:58 Squires
42:33 Blast Furnace
steven-bmx15
1:25 Loom
11:51 Feudal Age
18:57 Castle Age
18:17 Double-Bit Axe
18:22 Horse Collar
30:51 Scale Barding Armor
30:47 Scale Mail Armor
30:58 Forging
33:26 Husbandry
37:24 Imperial Age
37:04 Heavy Plow
37:16 Bow Saw
37:44 Chain Barding Armor
37:39 Chain Mail Armor
38:00 Iron Casting
38:46 Town Watch
39:37 Wheelbarrow
40:45 Plate Barding Armor
43:41 Conscription
chentao_1209
0:46 Loom
12:24 Feudal Age
14:20 Domestication
15:42 Double-Bit Axe
18:17 Castle Age
19:36 Bow Saw
21:15 Wheelbarrow
28:31 Pastoralism
30:33 Gold Mining
33:39 Imperial Age
32:29 Hand Cart
32:44 Husbandry
34:07 Elite Steppe Lancer
35:52 Scale Barding Armor
35:57 Forging
38:28 Iron Casting
40:40 Chain Barding Armor
Dragon D. Barola
7:50 Loom
10:51 Feudal Age
11:44 Feudal Age
12:30 Double-Bit Axe
13:36 Wheelbarrow
12:48 Horse Collar
14:06 Gold Mining
14:07 Stone Mining
16:37 Man-at-Arms
22:03 Wheelbarrow
21:15 Town Watch
24:42 Castle Age
23:15 Padded Archer Armor
23:06 Fletching
27:24 Stone Shaft Mining
27:32 Bow Saw
27:11 Crossbowman
33:41 Long Swordsman
33:41 Pikeman
43:33 Forging
43:23 Scale Mail Armor
Connection lost

Rejoining the realm…

Still unreachable

The connection could not be restored.

Session expired

The server has moved on; the page needs a fresh start.